 Dungeon Crawl Stone Soup version 0.19.3-4-gbf9329e (webtiles) character file.

7619 Naow the Infuser (level 10, -10/50 HPs)
             Began as a Deep Elf Conjurer on Jan 26, 2017.
             Was an Elder of Vehumet.
             Mangled by a komodo dragon (21 damage)
             ... on level 9 of the Dungeon.
             The game lasted 00:27:26 (13369 turns).

Naow the Infuser (Deep Elf Conjurer)               Turns: 13369, Time: 00:27:27

Health: -10/50     AC:  5    Str:  5    XL:     10   Next: 98%
Magic:  20/36      EV: 19    Int: 24    God:    Vehumet [****..]
Gold:   503        SH:  0    Dex: 15    Spells: 5 memorised, 15 levels left

rFire  . . .     SeeInvis .     j - +2 dagger (venom)
rCold  . . .     Gourm    .     a - +1 robe
rNeg   . . .     Faith    .     (no shield)
rPois  .         Spirit   .     L - +2 hat
rElec  .         Reflect  .     (no cloak)
rCorr  .         Harm     .     (no gloves)
MR     ++...                    (no boots)
Stlth  ++........               l - amulet of rage
                                u - ring of magical power
                                H - ring of protection from magic

@: no status effects
A: no striking features
a: Renounce Religion, Evoke Berserk Rage


You were on level 9 of the Dungeon.
You worshipped Vehumet.
Vehumet was greatly pleased with you.
You were not hungry.

You visited 1 branch of the dungeon, and saw 9 of its levels.
You also visited: Ossuary.

You collected 503 gold pieces.

Inventory:

Hand Weapons
 j - a +2 dagger of venom (weapon)
Armour
 a - a +1 robe (worn)
 s - a +1 helmet
 L - a +2 hat (worn)
Jewellery
 l - an amulet of rage (around neck)
 u - a ring of magical power (right hand)
 H - a ring of protection from magic (left hand)
Wands
 i - a wand of lightning (2/15)
 G - a wand of paralysis (24/24)
Scrolls
 r - 5 scrolls of remove curse
 x - 2 scrolls of amnesia
 y - 4 scrolls of fear
 A - 3 scrolls of identify
 B - a scroll of recharging
 C - a scroll of magic mapping
Potions
 d - 8 potions of curing
 e - 4 potions of agility
 g - 4 potions of degeneration
 h - 3 potions of flight
 m - 2 potions of haste
 o - 2 potions of might
 q - 3 potions of brilliance
 t - 2 potions of heal wounds
 z - a potion of berserk rage {unknown}
 E - 2 potions of cancellation {unknown}
 F - a potion of magic {unknown}
Books
 b - a book of Conjurations

   Spells                             Type                      Level
   a - Magic Dart                     Conjuration                  1
   b - Searing Ray                    Conjuration                  2
   c - Dazzling Spray                 Conjuration/Hexes            3
   d - Fulminant Prism                Conjuration/Hexes            4
   e - Iskenderun's Mystic Blast      Conjuration                  4
   f - Iskenderun's Battlesphere      Conjuration/Charms           5
 J - a book of Clouds

   Spells                             Type                      Level
   a - Mephitic Cloud                 Conjuration/Poison/Air       3
   b - Conjure Flame                  Conjuration/Fire             3
   c - Poisonous Cloud                Conjuration/Poison/Air       6
   d - Freezing Cloud                 Conjuration/Ice/Air          6
   e - Ring of Flames                 Charms/Fire                  7
 K - a book of Changes

   Spells                             Type                      Level
   a - Beastly Appendage              Transmutation                1
   b - Sticks to Snakes               Transmutation                2
   c - Spider Form                    Transmutation/Poison         3
   d - Ice Form                       Ice/Transmutation            4
   e - Blade Hands                    Transmutation                5
Comestibles
 c - 8 bread rations
 f - 10 royal jellies
 k - 4 chunks of flesh
 p - 3 meat rations
 v - a fruit


   Skills:
 - Level 0.4 Short Blades
 * Level 10.3 Dodging
 - Level 2.4 Stealth
 + Level 11.0 Spellcasting
 + Level 10.5 Conjurations
 - Level 3.4 Hexes
 - Level 11.0 Charms


You had 15 spell levels left.
You knew the following spells:

 Your Spells              Type           Power        Failure   Level  Hunger
a - Magic Dart            Conj           ####         1%          1    None
b - Searing Ray           Conj           ######       1%          2    None
c - Iskenderun's Battles  Conj/Chrm      ######..     1%          5    ####...
d - Iskenderun's Mystic   Conj           ######..     1%          4    None
e - Fulminant Prism       Conj/Hex       #####.....   1%          4    None


Dungeon Overview and Level Annotations

Branches:
Dungeon (9/15)             Temple (0/1) D:6            Lair (0/6) D:9
    Orc: D:9-12

Altars:
Ashenzari
Cheibriados
Dithmenos
Elyvilon
Fedhas
Gozag
Hepliaklqana
Makhleb
Nemelex Xobeh
Okawaru
Ru
Sif Muna
Trog
Vehumet
Jiyva

Shops:
D:4 =*%:%   D:5 =   D:6 (

Annotations:
D:8 Killazer's ghost, novice MiBe


Message History

The komodo dragon is heavily wounded.
You finish channeling your searing ray.
The komodo dragon bites you!!
* * * LOW HITPOINT WARNING * * *
Casting: Searing Ray
Confirm with . or Enter, or press ? or * to list all spells.
Aiming: Iskenderun's Mystic Blast
Press: ? - help, Shift-Dir - straight line, f/p - komodo dragon
Aim: a komodo dragon (heavily wounded)
The orb of energy hits the komodo dragon.
The komodo dragon is severely wounded.
The orb of energy explodes!
The komodo dragon completely misses you.
Casting: Iskenderun's Mystic Blast
Confirm with . or Enter, or press ? or * to list all spells.
Aiming: Iskenderun's Mystic Blast
Press: ? - help, Shift-Dir - straight line, f/p - komodo dragon
Aim: a komodo dragon (severely wounded)
The orb of energy misses the komodo dragon.
The orb of energy explodes!
The komodo dragon bites you!!
You die...

#.. ### #. #.. # #.
##.# ##### #/ ...
<.... #. #.# #####
#. #.### #
#.####...# #
##.#.)..#.# .### #
#..@l####.# ....# #
#....# #.# #..###
#....# #.# #....
#....# #.# ###..
#(...# #.# #..#
#....# #.# #.##
#)...# #.# #.#
#########.#######.#
##.....#.....##


You could see a komodo dragon.

Vanquished Creatures
  Gastronok (D:8)
  Erica (D:8)
  The ghost of fatfloppyjuicyveiny the Spear-Bearer, a novice OpBe of Trog (D:7)
  Pikel (D:7)
  A hippogriff (D:5)
  A wyvern (D:9)
  An orc warrior (D:6)
  2 slaves (D:7)
  3 sky beasts
  A black bear (D:7)
  2 phantoms
  2 ice beasts
  4 ogres
  5 centaurs
  2 elf zombies (Ossuary)
  6 bullfrogs
  2 big kobolds
  A gnoll sergeant (D:8)
  A wyvern skeleton (D:6)
  A scorpion (D:7)
  3 killer bees (D:8)
  A howler monkey (D:4)
  2 centaur zombies (Ossuary)
  A bullfrog zombie (D:7)
  4 crimson imps
  4 human zombies (Ossuary)
  6 jellies
  A gnoll shaman (D:4)
  2 orc priests (D:6)
  2 hounds
  8 orc wizards
  2 iguanas
  5 worker ants
  A statue (D:4)
  A hound zombie (Ossuary)
  3 mummies (Ossuary)
  19 gnolls
  16 adders
  2 shadow imps (D:6)
  6 oozes
  5 adder zombies (Ossuary)
  2 adder skeletons
  5 worms
  2 dart slugs (D:2)
  7 leopard geckos
  24 orcs
  A ball python (D:2)
  9 bats
  7 giant cockroaches
  3 gnoll zombies (Ossuary)
  15 goblins
  6 hobgoblins
  2 jackals (D:4)
  14 kobolds
  4 quokkas
  10 frilled lizards
  7 goblin zombies (Ossuary)
  A hobgoblin zombie (Ossuary)
  3 jackal zombies
  5 kobold zombies (Ossuary)
  2 leopard gecko skeletons
  An orc zombie (Ossuary)
  3 quokka zombies (Ossuary)
  4 rats
  A rat zombie (Ossuary)
  A fungus (D:2)
272 creatures vanquished.

Vanquished Creatures (others)
  2 slaves (D:7)
  An ice beast (D:7)
  A hound (D:7)
  A quokka (D:9)
  16 fulminant prisms
  A plant (D:9)
22 creatures vanquished.

Grand Total: 294 creatures vanquished

Notes
Turn   | Place    | Note
-------+----------+-------------------------------------------
     0 | D:1      | Naow the Deep Elf Conjurer began the quest for the Orb.
     0 | D:1      | Reached XP level 1. HP: 10/10 MP: 6/6
   111 | D:1      | Reached XP level 2. HP: 15/15 MP: 1/8
  1093 | D:2      | Reached skill level 5 in Conjurations
  1093 | D:2      | Reached XP level 3. HP: 19/19 MP: 8/10
  1210 | D:2      | Found a blossoming altar of Fedhas.
  1231 | D:2      | Found a sparkling altar of Nemelex Xobeh.
  2225 | D:2      | Learned a level 2 spell: Searing Ray
  2279 | D:2      | Reached XP level 4. HP: 24/24 MP: 4/12
  2649 | D:3      | Noticed an ogre
  3326 | D:3      | Killed an ogre
  3326 | D:3      | Reached skill level 5 in Spellcasting
  3326 | D:3      | Reached XP level 5. HP: 28/28 MP: 5/14
  3333 | D:3      | Learned a level 5 spell: Iskenderun's Battlesphere
  3338 | D:3      | Learned a level 4 spell: Iskenderun's Mystic Blast
  3532 | D:3      | Found a hazy altar of Hepliaklqana.
  3547 | D:3      | Found a shattered altar of Ashenzari.
  3748 | D:4      | Reached skill level 1 in Charms
  3820 | D:4      | Noticed a centaur
  4097 | D:4      | Found an opulent altar of Gozag.
  4134 | D:4      | Found Ujocri's Food Emporium.
  4160 | D:4      | Found Gozag's Platinum Reserve.
  4167 | D:4      | Found Bycvaul's Food Shoppe.
  4178 | D:4      | Reached XP level 6. HP: 32/32 MP: 12/16
  4214 | D:4      | Learned a level 4 spell: Fulminant Prism
  4232 | D:4      | Found Vujytaar's Book Boutique.
  4255 | D:4      | Found a radiant altar of Vehumet.
  4273 | D:4      | Became a worshipper of Vehumet
  4578 | D:4      | Found Ucziuhen's Jewellery Boutique.
  4780 | D:4      | Reached XP level 7. HP: 12/36 MP: 0/18
  5024 | D:4      | Reached skill level 1 in Hexes
  5024 | D:4      | Reached skill level 5 in Charms
  5300 | D:5      | Entered Level 5 of the Dungeon
  5464 | D:5      | Found Meubank's Jewellery Shoppe.
  5523 | D:5      | Noticed a hippogriff
  5531 | D:5      | Killed a hippogriff
  5717 | D:5      | Reached * piety under Vehumet
  5717 | D:5      | Offered knowledge of Flame Tongue by Vehumet.
  5886 | D:5      | Found a sparkling altar of Nemelex Xobeh.
  6075 | D:5      | Reached XP level 8. HP: 34/41 MP: 12/20
  6610 | D:6      | Found Qatyant's Antique Weapon Emporium.
  6626 | D:6      | Found a staircase to the Ecumenical Temple.
  6908 | D:6      | Offered knowledge of Throw Flame by Vehumet.
  6985 | D:6      | Reached ** piety under Vehumet
  7441 | D:6      | Found a deep blue altar of Sif Muna.
  7853 | D:6      | Found a bloodstained altar of Trog.
  8291 | D:7      | Noticed fatfloppyjuicyveiny's ghost (novice OpBe)
  8316 | D:7      | Killed fatfloppyjuicyveiny's ghost
  8316 | D:7      | Reached skill level 10 in Charms
  8316 | D:7      | Reached XP level 9. HP: 36/45 MP: 23/23
  8431 | D:7      | Found a sand-covered staircase.
  8438 | Ossuary  | Entered an ossuary
  8478 | Ossuary  | Offered knowledge of Static Discharge by Vehumet.
  8486 | Ossuary  | Reached skill level 5 in Dodging
  8516 | Ossuary  | Reached *** piety under Vehumet
  9049 | Ossuary  | Offered knowledge of Sticky Flame by Vehumet.
 10186 | D:7      | Noticed Pikel
 10197 | D:7      | Killed Pikel
 10197 | D:7      | Reached XP level 10. HP: 39/50 MP: 20/25
 10365 | D:8      | Noticed Erica
 10376 | D:8      | Killed Erica
 10382 | D:8      | Noticed Gastronok
 10665 | D:8      | Reached skill level 10 in Spellcasting
 10727 | D:8      | Noticed Killazer's ghost (novice MiBe)
 11048 | D:8      | Killed Gastronok
 11048 | D:8      | Reached skill level 10 in Conjurations
 11248 | D:8      | Found a burning altar of Makhleb.
 11248 | D:8      | Found a snail-covered altar of Cheibriados.
 11275 | D:8      | Found a shadowy altar of Dithmenos.
 11290 | D:8      | Found a sacrificial altar of Ru.
 11953 | D:8      | Reached **** piety under Vehumet
 12064 | D:8      | Found a viscous altar of Jiyva.
 12763 | D:7      | Offered knowledge of Yara's Violent Unravelling by Vehumet.
 12784 | D:9      | Reached skill level 10 in Dodging
 12886 | D:9      | Found a white marble altar of Elyvilon.
 13027 | D:8      | Found an iron altar of Okawaru.
 13302 | D:9      | Found a staircase to the Lair.
 13369 | D:9      | Mangled by a komodo dragon

Skill      XL: |  1  2  3  4  5  6  7  8  9 10 |
---------------+-------------------------------+-----
Spellcasting   | 4 5 6 7 8 9 11 | 11.0
Conjurations   | 5 6 7 8 9 10 | 10.5
Charms         | 2 4 6 10 11 | 11.0
Hexes          | 3 |  3.4
Dodging        | 4 7 10 | 10.3
Short Blades   | |  0.4
Stealth        | |  2.4

Action                   |  1- 3 |  4- 6 |  7- 9 | 10-12 || total
-------------------------+-------+-------+-------+-------++-------
Melee: Dagger            |       |     6 |    18 |       ||    24
 Cast: Magic Dart        |    81 |   140 |   273 |    71 ||   565
       Searing Ray       |       |    10 |    38 |    24 ||    72
       Iskenderun's Batt |       |       |     2 |     6 ||     8
       Fulminant Prism   |       |       |    13 |     3 ||    16
       Iskenderun's Myst |       |       |     2 |    12 ||    14
  Use: Scroll            |       |     5 |     3 |    11 ||    19
       Potion            |       |     1 |       |       ||     1
  Eat: Chunk             |     4 |     8 |    12 |     7 ||    31
       Meat ration       |       |       |     1 |       ||     1
       Fruit             |       |       |       |     2 ||     2
       Royal jelly       |       |       |       |     1 ||     1
Armor: Robe              |       |     2 |    13 |     3 ||    18
Dodge: Dodged            |     1 |    27 |    71 |    42 ||   141
